 Dungeon Crawl Stone Soup version 0.32-a0-306-gfed3edf829 (webtiles) character file.

Game seed: 15875662815077808800

283 zeratav the Sneak (level 6, -5/45 HPs)
             Began as an Octopode Shapeshifter on Feb 15, 2024.
             Slain by a gnoll
             ... wielding a +0 halberd
              (10 damage)
             ... on level 4 of the Dungeon.
             The game lasted 00:04:48 (2476 turns).

zeratav the Sneak (Octopode Shapeshifter)           Turns: 2476, Time: 00:04:49

Health: -5/45      AC:  5    Str: 15    XL:     6   Next: 28%
Magic:  0/6        EV: 13    Int: 12    God:
Gold:   110        SH:  0    Dex: 12    Spells: 5/5 levels left

rFire   . . .        j - +2 dagger (speed) {short}
rCold   . . .        (no shield)
rNeg    . . .        (helmet currently unavailable)
rPois   .            p - amulet of guardian spirit
rElec   .            t - +4 ring of protection
rCorr   .            (no ring)
SInv    .            (no ring)
Will    .....        (no ring)
Stlth   ++++         (no ring)
HPRegen 0.27/turn    (no ring)
MPRegen 0.10/turn    (no ring)
                     (no ring)

%: guardian spirit
@: beast-form
A: beast (slay +1), almost no armour, amphibious, 8 rings, camouflage 1,
gelatinous body 1, (nimble swimmer 1), tentacles
a: Begin Untransformation


You were on level 4 of the Dungeon.
You were a hulking beast.
You visited 1 branch of the dungeon, and saw 4 of its levels.

You collected 110 gold pieces.


Innate Abilities, Weirdness & Mutations

You are a hulking beast.
Your limbs bulge with bestial killing power. (Slay +1)
You cannot wear most types of armour.
You are amphibious.
You can wear up to eight rings at the same time.
Your skin changes colour to match your surroundings (Stealth+).
Your rubbery body absorbs attacks. (AC +1, EV +1)
((You are camouflaged when in or above water. (Stealth+)))
You have tentacles for arms and can constrict up to eight enemies at once.


   Skills:
 + Level 4.9 Fighting
 - Level 2.0 Dodging
 - Level 5.0 Stealth
 - Level 3.0 Unarmed Combat
 - Level 3.0 Shapeshifting


You had 5 spell levels left.
You didn't know any spells.
Your spell library contained the following spells:

 Spells                   Type           Power      Damage    Failure   Level
 Freeze                   Ice            0%         1d3       32%         1
 Frozen Ramparts          Ice            0%         1d1       69%         3
 Hailstorm                Conj/Ice       0%         3d5       69%         3
 Sculpt Simulacrum        Ice/Alch       0%         N/A       100%        6
 Ozocubu's Refrigeration  Ice            0%         4d7       100%        7
 Polar Vortex             Ice            0%         N/A       100%        9

Inventory:

Hand Weapons
 j - a +2 dagger of speed (weapon) {short}
   (You took it off a kobold on level 1 of the Dungeon)
Missiles
 g - 3 poisoned darts {throwing}
Jewellery
 p - an amulet of guardian spirit (around mantle)
   (You found it on level 3 of the Dungeon)
 t - a +4 ring of protection (left tentacle)
   (You found it on level 4 of the Dungeon)
Talismans
 b - a beast talisman (active)
 c - a flux talisman
Wands
 m - a wand of flame (26) (quivered)
   (You found it on level 2 of the Dungeon)
 r - a wand of polymorph (8)
   (You found it on level 3 of the Dungeon)
Scrolls
 h - 3 scrolls of identify {unknown}
 i - 4 scrolls of teleportation {unknown}
 k - a scroll of fear {unknown}
 l - a scroll of vulnerability {unknown}
 o - a scroll of blinking {unknown}
Potions
 a - a potion of lignification {!q}
 d - a potion of magic {unknown}
 e - a potion of might {unknown}
 f - 2 potions of heal wounds {unknown}
 n - 2 potions of attraction {unknown}
 q - a potion of brilliance {unknown}
 s - a potion of curing {unknown}

Dungeon Overview and Level Annotations

Branches:
Dungeon (4/15) Zot: 21570
 Temple: D:4-7

Altars:

Annotations:
D:2 Sigmund

....##.....# #.##...#
###........# ###.##...##########
#####.#### #..................
#.## #.................. #..#
#.................. ##.#
#..........<....... #.#
#.................. #[#
#..g....†...†......
########'#######h#####..........
............####)# #..........
..........)....#.# #......+###
............##...# #......#
###############..# ######## #..#
#..# #... #....


You could see a gnoll.


Message History

You take 1 damage, and now have 43/44 hp.
You hit the ball python. Your grab misses the ball python.
The ball python bites you but does no damage.
The ball python constricts you.
You hit the ball python.
You kill the ball python!
No target in view!
No target in view!
No target in view!
No target in view!
No target in view!
A giant cockroach comes into view.
You see here a ball python corpse.
HP[+1]
Your hp is fully restored (44).
A giant cockroach is nearby!
A gnoll comes into view. It is wielding a +0 club.
A gnoll comes into view. It is wielding a +0 halberd.
A gnoll comes into view. It is wielding a +0 halberd.
The giant cockroach closely misses you.
The gnoll shouts! x3
You hit the giant cockroach. Your grab misses the giant cockroach.
The giant cockroach bites you but does no damage.
You hit the giant cockroach.
You kill the giant cockroach!
You see here a ball python corpse.
You hit the gnoll. You grab the gnoll. You constrict the gnoll.
The gnoll hits you with a +0 club. The gnoll misses you.
HP[-5]
You take 5 damage, and now have 39/44 hp.
You barely miss the gnoll. You squeeze the gnoll.
You constrict the gnoll, but do no damage.
The gnoll hits you with a +0 club.
HP[-2]
You take 2 damage, and now have 37/44 hp.
You hit the gnoll.
You kill the gnoll!
The gnoll completely misses you.
HP[+1]
You now have 45 max hp (+1).
The gnoll hits you with a +0 halberd!
The gnoll hits you from afar with a +0 halberd!
* * * LOW HITPOINT WARNING * * *
Things that are here:
a +0 club {mace}; a +0 ring mail; HP[-20] MP[-3]
You take 20 damage, and now have 18/45 hp.
MASSIVE DAMAGE!! (PAUSE)
You lost 3 mp, and now have 3/6 mp.
You closely miss the gnoll. You grab the gnoll. You constrict the gnoll.
The gnoll closely misses you.
You hit the gnoll.
You constrict the gnoll, but do no damage.
The gnoll misses you.
You hit the gnoll. You constrict the gnoll.
The gnoll hits you with a +0 halberd!
* * * LOW HITPOINT WARNING * * *
The gnoll misses you.
HP[-5] MP[-1]
You take 5 damage, and now have 13/45 hp.
You lost 1 mp, and now have 2/6 mp.
You hit the gnoll.
You kill the gnoll!
The gnoll hits you with a +0 halberd!
* * * LOW HITPOINT WARNING * * *
Things that are here:
16 gold pieces; a +0 halberd {polearm}; HP[-10] MP[-2]
You take 10 damage, and now have 3/45 hp.
MASSIVE DAMAGE!! (PAUSE)
You lost 2 mp, and now have 0/6 mp.
Aiming: Polymorph
Press: ? - help, Q - select action, (/) - cycle Shift-Dir - straight line, f - gnoll
Aim: a gnoll, wielding a +0 halberd (will become a bombardier beetle, a giant cockroach, or a hound, chance to affect: 57%)
The gnoll resists with significant effort.
The gnoll barely misses you.
Aiming: Polymorph
Press: ? - help, Q - select action, (/) - cycle Shift-Dir - straight line, f/p - gnoll
Aim: a gnoll, wielding a +0 halberd (will become a bombardier beetle, a giant cockroach, or a hound, chance to affect: 57%)
The gnoll resists with significant effort.
The gnoll hits you but does no damage.
HP[+1]
Aiming: Polymorph
Press: ? - help, Q - select action, (/) - cycle Shift-Dir - straight line, p - gnoll Nothing appears to happen.
The gnoll misses you.
Aiming: Polymorph
Press: ? - help, Q - select action, (/) - cycle Shift-Dir - straight line, f - gnoll
Aim: a gnoll, wielding a +0 halberd (will become a bombardier beetle, a giant cockroach, or a hound, chance to affect: 57%)
The gnoll resists with significant effort.
The gnoll misses you.
Aiming: Polymorph
Press: ? - help, Q - select action, (/) - cycle Shift-Dir - straight line, f/p - gnoll
Aim: a gnoll, wielding a +0 halberd (will become a bombardier beetle, a giant cockroach, or a hound, chance to affect: 57%)
The gnoll resists with significant effort.
The gnoll barely misses you.
Aiming: Throw Flame
Press: ? - help, Q - select action, (/) - cycle Shift-Dir - straight line, f/p - gnoll
Aim: a gnoll, wielding a +0 halberd (72% to hit)
The puff of flame hits the gnoll.
The gnoll hits you with a +0 halberd!
You die...

Skill      XL: |  1  2  3  4  5 |
---------------+----------------+-----
Stealth        | 2 3 5 |  5.0
Fighting       | 2 4 |  4.9
Dodging        | |  2.0
Unarmed Combat | |  3.0
Shapeshifting  | |  3.0

Action                     |  1- 3 |  4- 6 || total
---------------------------+-------+-------++-------
  Melee: Unarmed           |    25 |       ||    25
         Constrict         |    13 |    23 ||    36
         Punch             |     3 |       ||     3
         Tentacles         |    10 |    11 ||    21
         Dagger            |    27 |   106 ||   133
  Evoke: Wand              |       |     6 ||     6
   Stab: Sleeping          |     6 |    11 ||    17
 Armour: Skin              |    12 |    32 ||    44
  Dodge: Dodged            |    20 |    45 ||    65

Levels and vault maps discovered:
D:1:      dpeg_arrival_tiny_a, layout_basic, serial_corexii_hall,
          corexii_hall_statues_t, corexii_hall_statues_deadend, minivault_5,
          st_stairs_7, minmay_tetromino_t2
D:2:      layout_loops_ring, uniq_sigmund, uniq_robin
D:3:      layout_rooms
D:4:      layout_basic, mainiacjoe_overflow_divided_tiny

Notes
Turn   | Place    | Note
-------+----------+-------------------------------------------
     0 | D:1      | zeratav the Octopode Shapeshifter began the quest for the
                  | Orb.
     0 | D:1      | Reached XP level 1. HP: 13/13 MP: 1/1
     0 | D:1      | magus.rc [v1.9.6]
    10 | D:1      | Reached skill level 1 in Stealth
    71 | D:1      | Reached skill level 2 in Stealth
   170 | D:1      | Reached XP level 2. HP: 11/18 MP: 2/2
   201 | D:1      | You pick up a book of Frost and begin reading...
   201 | D:1      | You add the spells Freeze, Frozen Ramparts and Hailstorm to
                  | your library.
   255 | D:1      | Reached skill level 3 in Stealth
   417 | D:1      | Reached XP level 3. HP: 23/23 MP: 3/3
   442 | D:1      | Reached skill level 4 in Stealth
   820 | D:2      | Reached skill level 5 in Stealth
   839 | D:2      | Reached XP level 4. HP: 25/28 MP: 4/4
   901 | D:2      | Reached skill level 2 in Fighting
   943 | D:2      | Noticed Sigmund
  1410 | D:2      | Noticed Robin
  1426 | D:2      | HP: 7/30 [goblin/+0 club[Robin] (6)]
  1429 | D:2      | Reached XP level 5. HP: 9/36 MP: 5/5
  1435 | D:2      | Reached skill level 3 in Fighting
  1437 | D:2      | HP: 8/36 [Robin/goblin (2)]
  1443 | D:2      | HP: 5/36 [Robin/+0 short sword (2)]
  1444 | D:2      | Killed Robin
  1809 | D:3      | Reached skill level 4 in Fighting
  1871 | D:3      | You pick up a book of Frost and begin reading...
  2073 | D:3      | You pick up a book of Ice and begin reading...
  2073 | D:3      | You add the spells Sculpt Simulacrum, Ozocubu's
                  | Refrigeration and Polar Vortex to your library.
  2187 | D:3      | Reached XP level 6. HP: 35/44 MP: 4/6
  2314 | D:4      | Identified the +0 leather armour "Ytif" {rC++ Int+4 Slay-2}
  2470 | D:4      | HP: 3/45 [gnoll/+0 halberd (10)]
  2476 | D:4      | Slain by a gnoll

Vanquished Creatures
  A hound (D:3)
  A bombardier beetle (D:3)
  Robin (D:2)
  6 adders
  2 gnolls (D:4)
  3 dart slugs (D:1)
  2 endoplasms (D:2)
  2 giant cockroaches
  20 goblins
  8 hobgoblins
  3 jackals
  4 quokkas
  9 ball pythons
  2 bats
  9 kobolds
  6 rats
79 creatures vanquished.

Table legend:
 A = Non-vault XP
 B = Vault XP
 C = Vault XP percentage of total XP
 D = Non-vault monster count
 E = Vault monster count
 F = Vault count percentage of total count
                 A         B        C        D         E       F
            +---------+---------+-------+---------+---------+-------
      Total |     350 |      55 |  13.6 |      64 |      15 |  19.0
            +---------+---------+-------+---------+---------+-------
        D:1 |      67 |       8 |  10.7 |      23 |       3 |  11.5
        D:2 |      92 |      47 |  33.8 |      22 |      12 |  35.3
        D:3 |     129 |       0 |   0.0 |      13 |       0 |   0.0
        D:4 |      62 |       0 |   0.0 |       6 |       0 |   0.0
            +---------+---------+-------+---------+---------+-------

Skill      XL: |  1  2  3  4  5 |
---------------+----------------+-----
Stealth        | 2 3 5 |  5.0
Fighting       | 2 4 |  4.9
Dodging        | |  2.0
Unarmed Combat | |  3.0
Shapeshifting  | |  3.0

Action                     |  1- 3 |  4- 6 || total
---------------------------+-------+-------++-------
  Melee: Unarmed           |    25 |       ||    25
         Constrict         |    13 |    23 ||    36
         Punch             |     3 |       ||     3
         Tentacles         |    10 |    11 ||    21
         Dagger            |    27 |   106 ||   133
  Evoke: Wand              |       |     6 ||     6
   Stab: Sleeping          |     6 |    11 ||    17
 Armour: Skin              |    12 |    32 ||    44
  Dodge: Dodged            |    20 |    45 ||    65

Illustrated notes

Table legend:
 A = Kills in this place as a percentage of kills in the entire game.
 B = Kills by you in this place as a percentage of kills by you in the entire game.
 C = Kills by friends in this place as a percentage of kills by friends in the entire game.
 D = Other kills in this place as a percentage of other kills in the entire game.
 E = Experience gained in this place as a percentage of experience gained in the entire game.
 F = Experience gained in this place divided by the number of levels of this place that you have seen.
                   A       B       C       D       E      F
               +-------+-------+-------+-------+-------+----------------------
         Total | 100.0 | 100.0 |   N/A |   N/A | 100.0 | 101.2
       Dungeon | 100.0 | 100.0 |   N/A |   N/A | 100.0 | 101.2
               +-------+-------+-------+-------+-------+----------------------

Table legend: (Time is in decaauts)
 A = Elapsed time spent in this place.
 B = Non-inter-level travel time spent in this place.
 C = Inter-level travel time spent in this place.
 D = Time resting spent in this place.
 E = Time spent auto-exploring this place.
 F = Levels seen in this place.
 G = Mean time per level.
                   A        B        C        D        E       F      G
               +--------+--------+--------+--------+--------+-----+--------+
         Total |   2429 |   2369 |     60 |    135 |   1838 |   4 |  607.2 |
       Dungeon |   2429 |   2369 |     60 |    135 |   1838 |   4 |  607.2 |
               +--------+--------+--------+--------+--------+-----+--------+

Top non-repeatable levels by time:
     D:2: 953 daAuts
     D:1: 806 daAuts
     D:3: 504 daAuts
     D:4: 164 daAuts
